 Dungeon Crawl Stone Soup version 0.24-a0-84-g25a2d9f (webtiles) character file.

Game seed: 10586446442306245228

3702 miscthings the Basher (level 10, -1/98 HPs)
             Began as an Ogre Berserker on Feb 7, 2019.
             Was a High Priest of Trog.
             Slain by a black bear (7 damage)
             ... on level 7 of the Dungeon.
             The game lasted 00:15:11 (7874 turns).

miscthings the Basher (Ogre Berserker)              Turns: 7874, Time: 00:15:12

Health: -1/98      AC:  4    Str: 23    XL:     10   Next: 13%
Magic:  11/11      EV: 11    Int: 10    God:    Trog [*****.]
Gold:   329        SH:  0    Dex: 11    Spells: 9/9 levels left

rFire    . . .     SeeInvis .   x - +1 whip (drain)
rCold    . . .     Gourm    .   (no shield)
rNeg     + . .     Faith    .   b - +0 animal skin
rPois    .         Spirit   .   (helmet restricted)
rElec    .         Reflect  .   m - +0 cloak
rCorr    .         Harm     .   (gloves unavailable)
MR       +....                  (boots unavailable)
Stlth    +.........             (no amulet)
HPRegen  0.26/turn              g - +2 ring of intelligence
MPRegen  0.12/turn              v - ring of positive energy

@: about to teleport, berserk cooldown, slowed, very slow
A: large, unfitting armour, tough skin 1
a: Berserk, Trog's Hand, Brothers in Arms, Renounce Religion


You were on level 7 of the Dungeon.
You worshipped Trog.
Trog was extremely pleased with you.
You were hungry.

You visited 1 branch of the dungeon, and saw 8 of its levels.

You collected 329 gold pieces.

Inventory:

Hand Weapons
 a - a +1 whip of freezing
 l - a +7 dagger of flaming
 x - a +1 whip of draining (weapon)
Missiles
 e - a throwing net (quivered)
Armour
 b - a +0 animal skin (worn)
 m - a +0 cloak (worn)
Jewellery
 g - a +2 ring of intelligence (left hand)
 v - a ring of positive energy (right hand)
Wands
 d - a wand of clouds (6)
Scrolls
 h - a scroll of amnesia
 i - 2 scrolls of remove curse
 j - 6 scrolls of teleportation
 n - a scroll of enchant weapon {unknown}
 o - a scroll of fog {unknown}
 s - 2 scrolls of noise {unknown}
 t - a scroll of random uselessness {unknown}
 y - 2 scrolls of magic mapping {unknown}
 C - a scroll of summoning {unknown}
Potions
 f - 4 potions of curing
 k - a potion of might
 p - 2 potions of mutation
 q - a potion of magic
 r - a potion of agility
 u - a potion of ambrosia
 w - a potion of heal wounds {unknown}
 z - a potion of lignification {unknown}
 A - 2 potions of haste {unknown}
Comestibles
 c - 7 rations
 B - 8 chunks of flesh


   Skills:
 + Level 6.0 Fighting
 - Level 12.0 Maces & Flails
 + Level 4.2 Dodging
 + Level 2.1 Evocations


You had 9 spell levels left.
You didn't know any spells.
Your spell library contained the following spells:

 Spells                   Type           Power        Failure   Level  Hunger
 Beastly Appendage        Tmut           #.....       36%         1    ##.....
 Corona                   Hex            #......      36%         1    ##.....
 Ensorcelled Hibernation  Hex/Ice        #.....       50%         2    ###....
 Sticks to Snakes         Tmut           #.......     50%         2    ###....
 Confuse                  Hex            #.......     75%         3    ####...
 Dazzling Spray           Conj/Hex       #.....       75%         3    ####...
 Spider Form              Tmut/Pois      #.........   75%         3    ####...
 Tukima's Dance           Hex            #.......     75%         3    ####...
 Ice Form                 Ice/Tmut       #.......     98%         4    #####..
 Blade Hands              Tmut           #.........   100%        5    ######.


Dungeon Overview and Level Annotations

Branches:
Dungeon (8/15)             Temple (0/1) D:7
   Lair: D:8-11

Altars:
Gozag
Kikubaaqudgha
Makhleb
Nemelex Xobeh
Qazlal
Ru
Vehumet
Wu Jian
The Shining One


Innate Abilities, Weirdness & Mutations

You are too large for most types of armour.
You have tough skin. (AC +1)


Message History

The basilisk gazes at you.
You easily resist.
The yak gores you.
* * * LOW HITPOINT WARNING * * *
The black bear bites you.
* * * LOW HITPOINT WARNING * * *
The black bear claws you but does no damage. x2
The basilisk bites you!
* * * LOW HITPOINT WARNING * * *
The black bear bites you.
* * * LOW HITPOINT WARNING * * *
The black bear claws you but does no damage.
The black bear claws you.
* * * LOW HITPOINT WARNING * * *
The yak completely misses you. The basilisk bites you!
* * * LOW HITPOINT WARNING * * *
You turn to flesh and can move again.
As you read the scroll of teleportation, it crumbles to dust.
You feel strangely unstable. The black bear bites you!
You die...

.....#.......###.#.....#..#####
.....#.....###...##..###...#..###
#.....#..### ....#...###..##...#
.......### #..##..#.)...##...
.......# #.=!#......######.
.......# #..##...### ## .......##
#...'.### #. ...#..#.## ###..###
##. ...##.#..# #@)...# #..
.8.####..## #ahYl.### #.. ....#
#<..#.....r### ###
.>.8####..##...###
........#.##.## .8.#.....####
...#.....#.## ### .........#..#
#)# ....#....#.## #### #.##


You could see a yak, a basilisk, a black bear, a worker ant and a quokka.

Vanquished Creatures
  Pikel (D:6)
  A slime creature (D:7)
  Prince Ribbit (D:5)
  Grinder (D:5)
  Menkaure (D:5)
  Duvessa (D:6)
  A black bear (D:7)
  3 ogres
  A phantom (D:6)
  2 centaurs (D:7)
  4 bullfrogs
  Dowan (D:6)
  A scorpion (D:4)
  A wyvern skeleton (D:7)
  5 wights
  5 crimson imps
  2 howler monkeys
  A bullfrog zombie (D:5)
  A centaur skeleton (D:6)
  3 jellies
  4 hounds
  An orc priest (D:5)
  Crazy Yiuf (D:5)
  An iguana (D:4)
  7 worker ants
  10 orc wizards
  A hound zombie (D:5)
  A hound skeleton (D:6)
  4 gnolls
  2 howler monkey skeletons
  8 adders
  A shadow imp (D:6)
  2 oozes
  2 adder skeletons
  3 worms
  7 leopard geckos
  18 orcs
  7 bats
  7 giant cockroaches
  9 goblins
  8 hobgoblins
  14 jackals
  11 kobolds
  A ball python (D:2)
  9 frilled lizards
  A quokka skeleton (D:4)
  2 quokka zombies (D:5)
  8 rats
  A fungus (D:5)
188 creatures vanquished.

Vanquished Creatures (others)
  2 slaves (D:6)
  An adder (D:5)
  An orc (D:6)
4 creatures vanquished.

Grand Total: 192 creatures vanquished

Notes
Turn   | Place    | Note
-------+----------+-------------------------------------------
     0 | D:1      | miscthings the Ogre Berserker began the quest for the Orb.
     0 | D:1      | Reached XP level 1. HP: 24/24 MP: 1/1
    30 | D:1      | Reached XP level 2. HP: 32/32 MP: 2/2
    36 | D:1      | Reached skill level 3 in Maces & Flails
   264 | D:1      | Reached XP level 3. HP: 38/40 MP: 3/3
   424 | D:1      | Reached ** piety under Trog
   815 | D:2      | Reached XP level 4. HP: 31/49 MP: 4/4
   844 | D:2      | Found an ornate altar of the Wu Jian Council.
   954 | D:2      | Found a glowing golden altar of the Shining One.
  1375 | D:3      | Reached skill level 4 in Maces & Flails
  1454 | D:3      | Reached *** piety under Trog
  1482 | D:3      | Reached XP level 5. HP: 39/55 MP: 5/5
  2502 | D:4      | Noticed an ogre
  2510 | D:3      | Reached skill level 5 in Maces & Flails
  2596 | D:4      | Reached XP level 6. HP: 36/63 MP: 6/6
  2604 | D:4      | Found a burning altar of Makhleb.
  3185 | D:4      | Reached skill level 6 in Maces & Flails
  3570 | D:4      | Reached XP level 7. HP: 68/71 MP: 7/7
  3705 | D:5      | Entered Level 5 of the Dungeon
  3705 | D:5      | Noticed Menkaure
  3708 | D:5      | Killed Menkaure
  3708 | D:5      | Reached skill level 7 in Maces & Flails
  4081 | D:5      | Found a radiant altar of Vehumet.
  4304 | D:5      | Reached **** piety under Trog
  4397 | D:5      | Found a runed translucent door.
  4514 | D:5      | Noticed Crazy Yiuf
  4521 | D:5      | Killed Crazy Yiuf
  4585 | D:5      | Noticed Grinder
  4588 | D:5      | Reached skill level 8 in Maces & Flails
  4597 | D:5      | Found a stormy altar of Qazlal.
  4610 | D:5      | Killed Grinder
  4610 | D:5      | Reached XP level 8. HP: 79/79 MP: 8/8
  4675 | D:5      | Noticed Prince Ribbit
  4683 | D:5      | Killed Prince Ribbit
  4683 | D:5      | Reached skill level 9 in Maces & Flails
  5176 | D:6      | Noticed Pikel
  5186 | D:6      | Killed Pikel
  5186 | D:6      | Reached skill level 10 in Maces & Flails
  5186 | D:6      | Reached XP level 9. HP: 85/85 MP: 9/9
  5495 | D:6      | Noticed Duvessa
  5496 | D:6      | Noticed Dowan
  5508 | D:6      | Killed Duvessa
  5511 | D:6      | Killed Dowan
  5574 | D:6      | Found an ancient bone altar of Kikubaaqudgha.
  5653 | D:6      | Reached skill level 11 in Maces & Flails
  6501 | D:7      | Reached ***** piety under Trog
  6551 | D:7      | Found an ancient bone altar of Kikubaaqudgha.
  6621 | D:7      | Found a sacrificial altar of Ru.
  7059 | D:7      | Reached skill level 12 in Maces & Flails
  7422 | D:7      | Reached skill level 5 in Fighting
  7451 | D:7      | Found a staircase to the Ecumenical Temple.
  7594 | D:7      | Found a sparkling altar of Nemelex Xobeh.
  7595 | D:7      | Found an opulent altar of Gozag.
  7606 | D:7      | Reached skill level 1 in Evocations
  7610 | D:7      | Reached XP level 10. HP: 69/96 MP: 10/10
  7874 | D:7      | Slain by a black bear

Levels and vault maps discovered:

Skill      XL: |  1  2  3  4  5  6  7  8  9 10 |
---------------+-------------------------------+-----
Maces & Flails | 3 4 5 6 8 10 12 | 12.0
Dodging        | 3 4 |  4.2
Fighting       | 5 6 |  6.0
Evocations     | 1 2 |  2.1

Action                   |  1- 3 |  4- 6 |  7- 9 | 10-12 || total
-------------------------+-------+-------+-------+-------++-------
Melee: Mace              |   107 |   140 |       |       ||   247
       Whip              |       |    83 |   428 |    64 ||   575
Invok: Berserk           |     1 |     3 |    12 |     1 ||    17
  Use: Scroll            |       |     3 |     8 |     1 ||    12
       Potion            |       |     1 |       |       ||     1
 Stab: Sleeping          |       |     1 |       |       ||     1
       Distracted        |       |       |     1 |       ||     1
  Eat: Chunk             |     1 |    11 |    17 |     1 ||    30
       Ration            |       |       |     2 |       ||     2
Armor: Animal skin       |    42 |    67 |    73 |    21 ||   203
Dodge: Dodged            |    57 |   145 |   133 |    24 ||   359

Table legend:
 A = Non-vault XP
 B = Vault XP
 C = Vault XP percentage of total XP
 D = Non-vault monster count
 E = Vault monster count
 F = Vault count percentage of total count
                 A         B        C        D         E       F
            +---------+---------+-------+---------+---------+-------
      Total |    3290 |    1999 |  37.8 |     164 |      23 |  12.3
            +---------+---------+-------+---------+---------+-------
        D:1 |      52 |       4 |   7.1 |      21 |       4 |  16.0
        D:2 |      45 |       6 |  11.8 |      17 |       4 |  19.0
        D:3 |     164 |       0 |   0.0 |      29 |       0 |   0.0
        D:4 |     393 |       0 |   0.0 |      18 |       0 |   0.0
        D:5 |     461 |     730 |  61.3 |      27 |       4 |  12.9
        D:6 |     984 |     724 |  42.4 |      25 |       3 |  10.7
        D:7 |    1142 |     535 |  31.9 |      23 |       8 |  25.8
        D:8 |      49 |       0 |   0.0 |       4 |       0 |   0.0
            +---------+---------+-------+---------+---------+-------
